 Dungeon Crawl Stone Soup version 0.17-a0-1910-g4c791fa (webtiles) character file.

194 DecibelRebel the Archer (level 5, 0/34 HPs)
             Began as a High Elf Hunter on Sept 26, 2015.
             Was an Initiate of Okawaru.
             Slain by a worker ant (5 damage)
             ... on level 3 of the Dungeon.
             The game lasted 00:13:06 (3070 turns).

DecibelRebel the Archer (High Elf Hunter)           Turns: 3070, Time: 00:13:06

Health: 0/34       AC:  1    Str: 12    XL:     5   Next: 44%
Magic:  6/6        EV: 11    Int: 15    God:    Okawaru [......]
Gold:   182        SH:  0    Dex: 15    Spells: 0 memorised, 4 levels left

rFire  . . .     SeeInvis .     c - +0 short sword
rCold  . . .     Clarity  .     k - +0 ring mail
rNeg   . . .     SustAt   .     (no shield)
rPois  .         Gourm    .     (no helmet)
rElec  .         Spirit   .     (no cloak)
rCorr  .         Warding  .     q - +2 pair of gloves
rMut   .         Stasis   .     p - +0 pair of boots
MR     .....                    (no amulet)
Stlth  +.........               (no ring)
                                (no ring)

@: corroded equipment, very slightly contaminated, not resistant to hostile
enchantments, very unstealthy
A: no striking features
a: Renounce Religion


You were on level 3 of the Dungeon.
You worshipped Okawaru.
Okawaru was noncommittal.
You were not hungry.

You visited 1 branch of the dungeon, and saw 4 of its levels.

You collected 182 gold pieces.

Inventory:

Hand weapons
 a - a +2 shortbow
 c - a +0 short sword (weapon)
Missiles
 b - 48 arrows
Armour
 d - a +0 leather armour
 k - a +0 ring mail (worn)
 p - a +0 pair of boots (worn)
 q - a +2 pair of gloves (worn)
Jewellery
 h - an uncursed ring of positive energy {unknown}
 t - an uncursed ring of magical power {unknown}
Scrolls
 f - a scroll of remove curse
 i - 2 scrolls of enchant armour
 j - a scroll of identify
 o - 2 scrolls of blinking
 s - a scroll of teleportation
Potions
 g - a potion of curing
 u - a potion of flight {unknown}
Books
 r - a book of Summonings

   Spells                             Type                      Level
   a - Recall                         Summoning/Translocation      3
   b - Aura of Abjuration             Summoning                    5
   c - Shadow Creatures               Summoning                    5
   d - Summon Demon                   Summoning                    5
   e - Summon Forest                  Summoning/Translocation      5
   f - Summon Mana Viper              Hexes/Summoning              5
Comestibles
 e - 4 bread rations
 l - 2 chunks of flesh
 n - a beef jerky


   Skills:
 - Level 2.0 Fighting
 * Level 9.0 Bows
 - Level 2.1 Dodging
 - Level 1.1 Stealth


You had 4 spell levels left.
You didn't know any spells.

Dungeon Overview and Level Annotations

Branches:
Dungeon (4/15)
 Temple: D:4-7

Altars:
Cheibriados
Dithmenos
Gozag
Okawaru
Qazlal
Yredelemnul


Message History

The worker ant waves its antennae.
The worker ant waves its antennae.
The jelly jiggles.
The worker ant closely misses you.
There is a stone staircase leading up here.
The worker ant bites you!
* * * LOW HITPOINT WARNING * * *
You climb upwards.
There is a stone staircase leading down here.
Drink which item? (? for menu, Esc to quit)
You feel better. The worker ant bites you.
* * * LOW HITPOINT WARNING * * *
Wield which item (- for none, * to show all)? (? for menu, Esc to quit)
c - a +0 short sword (weapon)
The worker ant bites you.
* * * LOW HITPOINT WARNING * * *
You closely miss the worker ant.
The worker ant is severely wounded.
The worker ant bites you.
You die...

#..........# #.# ##.##.
##.........# #.###<....
P#.........### #.........
≈PP..........## #####.....
≈PPPP......#..# ##....
≈≈♣PPP≈.#.###.######## ##...
P≈≈♣≈≈P(PP...........#########...
P≈PP♣≈≈≈P≈P##.............##....#
..PP♣≈≈≈≈P≈.....@..........#.#..#
#P≈PP♣♣≈≈≈P.###..a......#..#.#.##
#PPP♣≈≈≈≈PP## ###.....###.......#
PPP≈≈♣♣≈P≈P# ##.....#####.#...
≈≈♣♣♣≈PPP≈.## #####.# ##.#...
♣≈≈≈≈.PPP#..### #.# #..#.##
≈PP.P.........### #.## #.#..#
P≈P≈..>..#..#...## #..###.#.##
#........##...#..######.##..#.##


You could see a worker ant.

Vanquished Creatures
  An orc wizard (D:4)
  A worker ant (D:4)
  7 adders
  2 gnolls (D:4)
  A worm (D:2)
  A giant gecko (D:1)
  2 orcs (D:4)
  9 bats
  3 giant cockroaches
  7 goblins
  8 hobgoblins
  3 jackals (D:1)
  A ball python (D:1)
  6 kobolds
  9 rats
61 creatures vanquished.

Notes
Turn   | Place    | Note
--------------------------------------------------------------
     0 | D:1      | DecibelRebel the High Elf Hunter began the quest for the Orb.
     0 | D:1      | Reached XP level 1. HP: 14/14 MP: 2/2
   546 | D:1      | Reached XP level 2. HP: 17/19 MP: 3/3
   644 | D:1      | Reached skill level 6 in Bows
  1337 | D:1      | Reached XP level 3. HP: 24/24 MP: 4/4
  1500 | D:2      | Found a snail-covered altar of Cheibriados.
  1540 | D:2      | Reached skill level 7 in Bows
  1798 | D:2      | Found a faded altar to an unknown god.
  2247 | D:3      | Reached XP level 4. HP: 29/29 MP: 5/5
  2307 | D:3      | Found an opulent altar of Gozag.
  2329 | D:3      | Found a shadowy altar of Dithmenos.
  2357 | D:3      | Found a basalt altar of Yredelemnul.
  2435 | D:3      | Found an iron altar of Okawaru.
  2444 | D:3      | Became a worshipper of Warmaster Okawaru
  2581 | D:3      | Found a stormy altar of Qazlal.
  2852 | D:4      | Reached skill level 8 in Bows
  2939 | D:4      | Reached XP level 5. HP: 34/34 MP: 6/6
  3034 | D:4      | Reached skill level 9 in Bows
  3070 | D:3      | Slain by a worker ant

Vault maps used:
D:1:      minmay_arrival_jagged
D:2:      nicolae_overflow_crystal_walls, ecumenical_altar_2
D:3:      old_standard_altar, grunt_dithmenos_smoke_and_mirrors,
          nicolae_gozag_seed_capital, lemuel_doored_altar, lemuel_round_altar,
          serial_bayou_lagoon_a
D:4:      first_bread, serial_shops, kennysheep_mini

Action                   |  1- 3 |  4- 6 || total
-------------------------+-------+-------++-------
Melee: Short sword       |    87 |    55 ||   142
       Shortbow          |       |     3 ||     3
 Fire: Shortbow          |    70 |    51 ||   121
  Use: Scroll            |     4 |     7 ||    11
       Potion            |       |     2 ||     2
 Stab: Sleeping          |     1 |       ||     1
  Eat: Chunk             |     3 |     4 ||     7
